 Dungeon Crawl Stone Soup version 0.18.1-50-g88ac8fd (webtiles) character file.

184 Chiseanne the Sneak (level 5, 0/27 HPs)
             Began as a Spriggan Assassin on Mar 28, 2017.
             Killed from afar by an orc wizard (10 damage)
             ... with a puff of flame
             ... on level 4 of the Dungeon.
             The game lasted 00:06:41 (3109 turns).

Chiseanne the Sneak (Spriggan Assassin)             Turns: 3109, Time: 00:06:41

Health: 0/27       AC:  3    Str:  7    XL:     5   Next: 36%
Magic:  6/6        EV: 19    Int: 12    God:
Gold:   113        SH:  0    Dex: 19    Spells: 0 memorised, 4 levels left

rFire  . . .     SeeInvis +     a - +1 short sword (flame)
rCold  . . .     Gourm    .     c - +0 robe
rNeg   . . .     Faith    .     (shield restricted)
rPois  .         Spirit   .     (helmet restricted)
rElec  .         Dismiss  .     d - +0 cloak
rCorr  .         Reflect  .     (gloves unavailable)
SustAt .         Harm     .     (boots unavailable)
MR     .....                    (no amulet)
Stlth  ++++......               (no ring)
                                (no ring)

@: very quick, not resistant to hostile enchantments, stealthy
A: unfitting armour, see invisible, herbivore 3, speed 3, slow metabolism 2
a: no special abilities


You were on level 4 of the Dungeon.
You were not hungry.

You visited 2 branches of the dungeon, and saw 5 of its levels.

You collected 225 gold pieces.
You spent 112 gold pieces at shops.

Inventory:

Hand Weapons
 a - a +1 short sword of flaming (weapon)
 s - a +4 quarterstaff of chaos
 w - a +0 blowgun
Missiles
 e - 7 poisoned needles
 f - 2 curare-tipped needles
 i - 25 sling bullets
 k - 106 stones (quivered)
 l - 48 arrows
Armour
 c - a +0 robe (worn)
 d - a +0 cloak (worn)
Scrolls
 b - 2 scrolls of remove curse
 m - 3 scrolls of identify
 o - 2 scrolls of noise {unknown}
 p - a scroll of magic mapping {unknown}
 q - a scroll of fog {unknown}
 r - a scroll of enchant weapon {unknown}
Potions
 h - a potion of berserk rage {unknown}
 j - a potion of flight
 n - 2 potions of resistance
Comestibles
 g - 3 bread rations


   Skills:
 + Level 2.6 Fighting
 - Level 2.1 Short Blades
 + Level 3.0 Throwing
 + Level 3.7 Dodging
 * Level 7.7 Stealth


You had 4 spell levels left.
You didn't know any spells.

Dungeon Overview and Level Annotations

Branches:
Dungeon (4/15)             Temple (1/1) D:4

Altars:
Ashenzari
Cheibriados
Dithmenos
Elyvilon
Fedhas
Kikubaaqudgha
Makhleb
Nemelex Xobeh
Pakellas
Ru
Sif Muna
Trog
Xom
Zin
The Shining One

Shops:
D:4 ?


Innate Abilities, Weirdness & Mutations

You are tiny and cannot use many weapons and most armour.
You have supernaturally acute eyesight.
You are a herbivore.
You cover ground extremely quickly.
You need consume almost no food.


Message History

The orc wizard is moderately wounded.
The orc wizard hits you with a dagger.
You hit the orc wizard but do no damage.
The orc wizard is moderately wounded.
The orc wizard completely misses you.
You barely miss the orc wizard.
The orc wizard is moderately wounded.
The orc wizard misses you.
You closely miss the orc wizard.
The orc wizard is moderately wounded.
The orc wizard closely misses you.
You hit the orc wizard. You burn the orc wizard.
The orc wizard is severely wounded.
The orc wizard points at you and mumbles some strange words.
The magic dart hits you!
You hit the orc wizard. You burn the orc wizard.
The orc wizard is almost dead.
The orc wizard gestures at you while chanting.
The puff of flame hits you!
You die...

#...........#
#...........#
########.##.#
#.##.# #.##.#
#.##.#
##########.##.#
#[.........#
#@##########
#o# #.# #.# #.#
#.# #.# #.#


You could see an orc wizard.

Vanquished Creatures
  Crazy Yiuf (D:2)
  An orc priest (D:4)
  An orc wizard (D:4)
  A gnoll (D:1)
  An adder (D:2)
  2 worms (D:2)
  3 dart slugs
  3 giant geckos
  4 orcs (D:4)
  A ball python (D:2)
  2 giant cockroaches
  9 goblins
  3 hobgoblins
  2 jackals (D:1)
  6 kobolds
  A quokka (D:3)
  7 bats
  6 giant newts
  9 rats
63 creatures vanquished.

Notes
Turn   | Place    | Note
--------------------------------------------------------------
     0 | D:1      | Chiseanne the Spriggan Assassin began the quest for the Orb.
     0 | D:1      | Reached XP level 1. HP: 10/10 MP: 2/2
    97 | D:1      | Reached skill level 6 in Stealth
   133 | D:1      | Reached XP level 2. HP: 15/15 MP: 3/3
   473 | D:1      | Reached XP level 3. HP: 14/18 MP: 4/4
  1102 | D:2      | Found a shadowy altar of Dithmenos.
  1166 | D:2      | Reached skill level 7 in Stealth
  1166 | D:2      | Reached XP level 4. HP: 21/23 MP: 5/5
  1283 | D:2      | Found a shimmering altar of Xom.
  1283 | D:2      | Found a glowing silver altar of Zin.
  1283 | D:2      | Noticed an angel
  1963 | D:2      | Noticed Crazy Yiuf
  2001 | D:2      | Killed Crazy Yiuf
  2388 | D:4      | Found Nouwkioxa's Magic Scroll Shop.
  2413 | D:4      | Bought a scroll of identify for 28 gold pieces
  2413 | D:4      | Bought a scroll of identify for 28 gold pieces
  2413 | D:4      | Bought a scroll of identify for 28 gold pieces
  2413 | D:4      | Bought a scroll of identify for 28 gold pieces
  2438 | D:4      | Found a staircase to the Ecumenical Temple.
  2450 | Temple   | Entered the Ecumenical Temple
  2694 | D:4      | Found Okhitul's Book Emporium.
  2703 | D:4      | Reached XP level 5. HP: 27/27 MP: 6/6
  3109 | D:4      | Killed from afar by an orc wizard

Skill      XL: |  1  2  3  4  5 |
---------------+----------------+-----
Stealth        | 6 7 |  7.7
Dodging        | 2 3 |  3.7
Fighting       | 2 |  2.6
Throwing       | 3 |  3.0
Short Blades   | |  2.1

Action                   |  1- 3 |  4- 6 || total
-------------------------+-------+-------++-------
Melee: Dagger            |   104 |    42 ||   146
       Short sword       |       |    30 ||    30
 Fire: Blowgun           |     4 |     9 ||    13
Throw: Stone             |       |     3 ||     3
  Use: Scroll            |     4 |     2 ||     6
       Potion            |       |     1 ||     1
 Stab: Sleeping          |    16 |     9 ||    25
       Distracted        |       |     1 ||     1
Armor: Robe              |    13 |    10 ||    23
       Skin              |       |    12 ||    12
Dodge: Dodged            |    51 |    56 ||   107
